[Event "Titled Tuesday Blitz December 27 Late 2022"]
[White "Itkis, Boris"]
[Black "Fiorito, Joaquin"]
[WhiteFideId "1209167"]
[BlackFideId "180173"]
[WhiteElo "2329"]
[BlackElo "2405"]
[Result "0-1"]
[Round "03"]
[TimeControl "180+2"]
[Date "2022.12.27"]
[WhiteClock "0:00:05"]
[BlackClock "0:00:47"]

1. c4 c6 2. Nf3 d5 3. e3 Nf6 4. Nc3 e6 5. b3 Nbd7 6. Bb2 Bd6 7. Qc2 O-O 8. Rg1 e5 9. cxd5 cxd5 10. Nb5 Bb8 11. Rc1 Re8 12. Nc7 Bxc7 13. Qxc7 Qe7 14. Bb5 a6 15. Bxd7 Nxd7 16. h3 a5 17. a4 Qb4 18. Qc3 Qd6 19. d4 e4 20. Ne5 Nxe5 21. dxe5 Qg6 22. g4 Be6 23. Ke2 h5 24. g5 Bxh3 25. Qc7 Bg4+ 26. Kd2 Qf5 27. Rcf1 Qf3 0-1


[Site "https://www.chess.com"]

[Event "Titled Tuesday Blitz December 27 Late 2022"]
[White "Janaszak, Dawid"]
[Black "Mekhitarian, Krikor Sevag"]
[WhiteFideId "1119206"]
[BlackFideId "2107660"]
[WhiteElo "2316"]
[BlackElo "2537"]
[Result "0-1"]
[Round "03"]
[TimeControl "180+2"]
[Date "2022.12.27"]
[WhiteClock "0:00:01"]
[BlackClock "0:00:03"]

1. e4 c5 2. Nc3 a6 3. d4 cxd4 4. Qxd4 Nc6 5. Qd2 e6 6. b3 Nf6 7. Bb2 Bb4 8. Bd3 d5 9. exd5 exd5 10. a3 Ba5 11. b4 Bc7 12. Nge2 O-O 13. Qg5 h6 14. Qh4 Ne5 15. O-O Neg4 16. f4 Re8 17. h3 Ne3 18. Rf3 Nf5 19. Bxf5 Bxf5 20. Nd4 Bb6 21. Na4 Ba7 22. Nc5 Bh7 23. Rg3 Ne4 24. Rxg7+ Kxg7 25. Nde6+ Kg8 26. Nxd8 Raxd8 27. Qxh6 d4 28. Re1 Bxc5 29. bxc5 Re6 30. Qh4 Rd5 31. f5 Bxf5 32. Qf4 Bg6 33. Rf1 Nxc5 34. Bxd4 Nd7 35. Qh4 Ne5 36. Bc3 b5 37. Qf4 a5 38. Bxa5 Nc6 39. Bc3 Rf5 40. Qc7 Rxf1+ 41. Kxf1 f6 42. Qc8+ Kf7 43. Qd7+ Ne7 44. Bb4 Bxc2 45. Qxb5 Be4 0-1


[Site "https://www.chess.com"]

[Event "Titled Tuesday Blitz December 27 Late 2022"]
[White "Jaracz, Pawel"]
[Black "Lobanov, Sergei"]
[WhiteFideId "1102222"]
[BlackFideId "24183750"]
[WhiteElo "2467"]
[BlackElo "2536"]
[Result "1-0"]
[Round "03"]
[TimeControl "180+2"]
[Date "2022.12.27"]
[WhiteClock "0:00:14"]
[BlackClock "0:00:03"]

1. e4 e5 2. Nf3 Nc6 3. Bb5 a6 4. Ba4 Bc5 5. Bb3 Nge7 6. Nc3 O-O 7. d3 h6 8. Be3 d6 9. h3 Bxe3 10. fxe3 Be6 11. g4 Bxb3 12. axb3 d5 13. exd5 Nxd5 14. Nxd5 Qxd5 15. e4 Qc5 16. Qd2 a5 17. Qf2 Qb4+ 18. Qd2 Qc5 19. Qf2 Qb4+ 20. Qd2 Qd6 21. O-O b5 22. Kh2 a4 23. bxa4 bxa4 24. Rg1 Rfb8 25. g5 h5 26. g6 f6 27. Nh4 Rxb2 28. Qe2 Ne7 29. Rg2 Kf8 30. Qxh5 Ng8 31. Nf5 Qd7 32. d4 exd4 33. e5 d3 34. exf6 Nxf6 35. Qh8+ Ng8 36. Rf1 Rxc2 37. Nxg7+ Ke7 38. Rf7+ Kd6 39. Rxd7+ Kxd7 40. Nf5 Rxg2+ 41. Kxg2 d2 42. Qd4+ Ke6 43. Ng7+ Ke7 44. Qxd2 a3 45. Qe3+ Kd7 46. Qd4+ Kc8 47. Qd5 Ra5 48. Qxg8+ Kb7 49. Qa2 Rg5+ 50. Kf3 Rxg6 51. Qxa3 Rxg7 52. Qb2+ 1-0


[Site "https://www.chess.com"]

[Event "Titled Tuesday Blitz December 27 Late 2022"]
[White "Jones, Gawain C B"]
[Black "Karacsonyi, Gellert"]
[WhiteFideId "409561"]
[BlackFideId "764620"]
[WhiteElo "2618"]
[BlackElo "2385"]
[Result "0-1"]
[Round "03"]
[TimeControl "180+2"]
[Date "2022.12.27"]
[WhiteClock "0:00:05"]
[BlackClock "0:00:33"]

1. Nf3 c5 2. c4 Nc6 3. Nc3 g6 4. d4 cxd4 5. Nxd4 Nf6 6. e4 d6 7. Be2 Nxd4 8. Qxd4 Bg7 9. Bg5 O-O 10. Qd2 a5 11. O-O a4 12. Rad1 Qa5 13. Kh1 Be6 14. f4 Rfc8 15. b3 axb3 16. axb3 Nd7 17. Nd5 Bxd5 18. exd5 Qxd2 19. Rxd2 Nf6 20. Bd3 Ra3 21. Rb1 Kf8 22. f5 Nd7 23. fxg6 hxg6 24. h4 Bf6 25. Bh6+ Bg7 26. Bg5 Bf6 27. Bh6+ Bg7 28. Be3 Ne5 29. Be2 Rca8 30. Kg1 Ra2 31. Kf1 Bf6 32. g3 Kg7 33. Bd1 Rxd2 34. Bxd2 Ra2 35. Be3 Nd3 36. Be2 Nb4 37. Bf2 Be5 38. Rd1 Rb2 39. c5 Rxb3 40. Rc1 dxc5 41. Bxc5 Nd3 42. Bxd3 Rxd3 43. Bxe7 Rxd5 44. g4 Rd4 45. Re1 Rf4+ 46. Kg2 Rxg4+ 47. Kf3 Rf4+ 48. Kg2 Rf5 49. Bg5 Bf6 50. Bxf6+ Kxf6 51. Rb1 b5 52. Kg3 Rc5 53. Kf4 Rc4+ 54. Kg3 b4 55. Rf1+ Ke6 56. Re1+ Kd5 57. Rd1+ Rd4 58. Rf1 f5 59. Rb1 Kc4 60. Rc1+ Kd3 61. Rc6 b3 62. Rxg6 b2 63. Rb6 Kc2 64. h5 b1=Q 65. Rxb1 Kxb1 66. h6 Rd6 0-1


[Site "https://www.chess.com"]

[Event "Titled Tuesday Blitz December 27 Late 2022"]
[White "Kazakouski, Valery"]
[Black "Deac, Bogdan-Daniel"]
[WhiteFideId "13507443"]
[BlackFideId "1226380"]
[WhiteElo "2539"]
[BlackElo "2700"]
[Result "1/2-1/2"]
[Round "03"]
[TimeControl "180+2"]
[Date "2022.12.27"]
[WhiteClock "0:00:04"]
[BlackClock "0:00:10"]

1. Nf3 d5 2. c4 e6 3. b3 Nf6 4. g3 Be7 5. Bg2 O-O 6. O-O c5 7. e3 Nc6 8. Bb2 b6 9. Nc3 Ba6 10. Qe2 Rc8 11. Rad1 Qc7 12. d3 Rfd8 13. h3 Qb8 14. g4 d4 15. exd4 cxd4 16. Ne4 Nxe4 17. Qxe4 Bb7 18. Nxd4 Bf6 19. Nxc6 Bxc6 20. Qe2 Bd4 21. Bxd4 Rxd4 22. Qe3 Qd6 23. Bxc6 Rxc6 24. Rfe1 Rc8 25. Qe5 Qd7 26. Re3 Rd8 27. a3 Qe7 28. b4 Rxc4 29. dxc4 Rxd1+ 30. Re1 Rd8 31. c5 bxc5 32. bxc5 Qd7 33. Rc1 Qc6 34. Rb1 f6 35. Qc3 Kf7 36. Qc4 Rd5 37. Rc1 h5 38. Kh2 hxg4 39. hxg4 Rd8 40. Kg3 g5 41. Re1 Rd5 42. Rc1 Rd8 43. Re1 Rh8 44. Qd4 Qc7+ 45. Qd6 Qxd6+ 46. cxd6 Rd8 47. Rc1 a5 48. Rc7+ Kg6 49. d7 f5 50. gxf5+ exf5 51. Rc6+ Kf7 52. Rc5 Ke6 53. Rc6+ Kxd7 54. Rf6 f4+ 55. Kg4 Ke7 56. Rf5 Rd2 57. Rxg5 a4 58. Ra5 Rxf2 59. Rxa4 f3 60. Rf4 Kd6 61. Rxf3 Rxf3 62. Kxf3 Kc5 63. Ke3 Kc4 64. Ke4 Kb3 65. Kd5 Ka4 66. Kd4 Kxa3 1/2-1/2


[Site "https://www.chess.com"]

[Event "Titled Tuesday Blitz December 27 Late 2022"]
[White "Khandelwal, Ankush"]
[Black "Fernandez Guillen, Ernesto J."]
[WhiteFideId "413470"]
[BlackFideId "3512428"]
[WhiteElo "2205"]
[BlackElo "2477"]
[Result "0-1"]
[Round "03"]
[TimeControl "180+2"]
[Date "2022.12.27"]
[WhiteClock "0:01:08"]
[BlackClock "0:02:25"]

1. e4 e5 2. Nf3 Nc6 3. d4 exd4 4. Nxd4 g6 5. Nxc6 bxc6 6. Bc4 Bg7 7. O-O Ne7 8. Nc3 O-O 9. f4 d6 10. Be3 h6 11. Qd2 Kh7 12. Rf2 f5 13. Bd3 fxe4 14. Nxe4 Nf5 15. Kh1 d5 16. Ng3 d4 17. Nxf5 Bxf5 0-1


[Site "https://www.chess.com"]

[Event "Titled Tuesday Blitz December 27 Late 2022"]
[White "Kho, Darrell"]
[Black "marik_spb"]
[WhiteFideId "1019317"]
[WhiteElo "2075"]
[BlackElo "2448"]
[Result "0-1"]
[Round "03"]
[TimeControl "180+2"]
[Date "2022.12.27"]
[WhiteClock "0:00:03"]
[BlackClock "0:00:06"]

1. e4 c6 2. Nc3 d5 3. Nf3 dxe4 4. Nxe4 Nf6 5. Qe2 Nxe4 6. Qxe4 Qd5 7. Qxd5 cxd5 8. d4 Nc6 9. c3 Bg4 10. Ne5 Nxe5 11. dxe5 a6 12. Be3 e6 13. h4 h5 14. Bd3 Kd7 15. f3 Bf5 16. Bxf5 exf5 17. O-O-O Ke6 18. Rhe1 Be7 19. g3 Rac8 20. Rd3 Rhd8 21. Bb6 Rd7 22. f4 Rc6 23. Bd4 b5 24. Kd2 g6 25. Ra1 b4 26. cxb4 Bxb4+ 27. Bc3 Rb7 28. Bxb4 Rxb4 29. b3 a5 30. Rc1 Rxc1 31. Kxc1 a4 32. Kb2 axb3 33. Rxb3 Re4 34. Rd3 d4 35. Kb3 Kd5 36. a4 Re1 37. Kb4 Rb1+ 38. Rb3 Ra1 39. a5 Ke4 40. Kb5 d3 41. a6 Ke3 42. Kb6 Ke2 43. Rb2+ d2 44. a7 Ke1 45. Rxd2 Kxd2 46. Kb7 Ke3 47. a8=Q Rxa8 48. Kxa8 Kf3 49. Kb7 Kxg3 50. Kc6 Kxf4 51. Kd6 Ke4 0-1


[Site "https://www.chess.com"]

[Event "Titled Tuesday Blitz December 27 Late 2022"]
[White "Klose, Eli"]
[Black "Arencibia Monduy, Antonio"]
[WhiteFideId "16242955"]
[BlackFideId "3507939"]
[WhiteElo "1519"]
[BlackElo "2122"]
[Result "1-0"]
[Round "03"]
[TimeControl "180+2"]
[Date "2022.12.27"]
[WhiteClock "0:01:52"]
[BlackClock "0:00:02"]

1. e4 c6 2. d4 d5 3. Nc3 dxe4 4. Nxe4 Nf6 5. Ng3 h5 6. Nf3 h4 7. Ne2 h3 8. g3 Bg4 9. Nf4 Nbd7 10. Be2 Qb6 11. c3 O-O-O 12. Nd3 e6 13. O-O Bxf3 14. Bxf3 Bd6 15. Qe2 Rde8 16. Ne5 Rhf8 17. Re1 Qc7 18. Bf4 Nd5 19. Bd2 Nxe5 20. dxe5 Be7 21. c4 Nb6 22. a4 Nd7 23. a5 Bc5 24. a6 b6 25. Qe4 Nb8 26. b4 Be7 27. b5 Rd8 28. Rad1 Bc5 29. Bf4 Rxd1 30. Rxd1 Rd8 31. Rxd8+ Kxd8 32. Bg4 Qd7 33. Bxh3 cxb5 34. cxb5 Qxb5 35. Qa8 Qb1+ 36. Bf1 Qb2 37. Qxb8+ Kd7 38. Qxa7+ Ke8 39. Qa8+ Ke7 40. Qf3 Qa2 41. Be3 Bb4 42. Qb7+ Kf8 43. a7 1-0


[Site "https://www.chess.com"]

[Event "Titled Tuesday Blitz December 27 Late 2022"]
[White "Kokoszczynski, Jan"]
[Black "Rego, Pedro Filipe"]
[WhiteFideId "1174460"]
[BlackFideId "1904310"]
[WhiteElo "2247"]
[BlackElo "2312"]
[Result "0-1"]
[Round "03"]
[TimeControl "180+2"]
[Date "2022.12.27"]
[WhiteClock "0:00:03"]
[BlackClock "0:00:03"]

1. e4 c5 2. Nf3 d6 3. d4 cxd4 4. Nxd4 Nf6 5. Nc3 Nc6 6. Bg5 e6 7. Qd2 a6 8. O-O-O Bd7 9. f3 Be7 10. h4 Nxd4 11. Qxd4 Qc7 12. Kb1 b5 13. g4 O-O 14. Bd3 b4 15. Ne2 a5 16. h5 e5 17. Qf2 Be6 18. Be3 d5 19. g5 dxe4 20. fxe4 Ng4 21. Qg3 Nxe3 22. Qxe3 a4 23. g6 h6 24. gxf7+ Rxf7 25. Rhg1 Bg5 26. Rxg5 hxg5 27. Qxg5 a3 28. b3 Raf8 29. h6 Rf1 30. Rxf1 Rxf1+ 31. Nc1 Rh1 32. Qg6 Rxh6 33. Qe8+ Kh7 34. Bf1 Qc3 35. Nd3 Qd2 36. Qf8 Rh2 0-1


[Site "https://www.chess.com"]

[Event "Titled Tuesday Blitz December 27 Late 2022"]
[White "Kopacz, Grzegorz"]
[Black "Vega Gutierrez, Sabrina"]
[WhiteFideId "1109880"]
[BlackFideId "2219026"]
[WhiteElo "1997"]
[BlackElo "2377"]
[Result "0-1"]
[Round "03"]
[TimeControl "180+2"]
[Date "2022.12.27"]
[WhiteClock "0:00:38"]
[BlackClock "0:00:05"]

1. e4 c5 2. Nc3 Nc6 3. f4 e6 4. Nf3 a6 5. g3 d5 6. e5 Nh6 7. Bg2 Nf5 8. O-O Be7 9. d3 b5 10. Ne2 Bb7 11. c3 Qb6 12. d4 b4 13. g4 Nh4 14. Nxh4 Bxh4 15. Be3 Be7 16. f5 a5 17. Nf4 cxd4 18. cxd4 Nxe5 19. fxe6 fxe6 20. Nxe6 Qxe6 21. dxe5 Rf8 22. Rxf8+ Kxf8 23. Qd4 Kg8 24. Rf1 Rc8 25. Qb6 Qxb6 26. Bxb6 Rc2 27. Bd4 Rd2 28. Bb6 Rxb2 29. Rc1 Bg5 30. Rc7 Rxa2 31. Rxb7 Ra1+ 32. Kf2 h5 33. Bxd5+ Kh7 34. gxh5 Rd1 35. Bd4 Rxd4 36. Bf3 Rd2+ 37. Kg3 Rd4 38. h3 a4 39. Kg2 a3 40. Rb8 a2 41. Ra8 b3 42. Bg4 Bh4 43. Bf5+ Kh6 44. Kf3 Kg5 45. Be4 Rd2 46. Rf8 Rd1 47. Rf5+ Kh6 48. Rf8 a1=Q 49. Kg4 Rg1+ 50. Kf5 Qf1+ 51. Ke6 Qxf8 52. Kd7 Qb8 53. e6 b2 54. e7 b1=Q 55. e8=Q Qxe8+ 56. Kxe8 Qxe4+ 57. Kd7 Rd1+ 0-1


[Site "https://www.chess.com"]

[Event "Titled Tuesday Blitz December 27 Late 2022"]
[White "Koutlas, Nikolaos"]
[Black "Novikova, Galina"]
[WhiteFideId "25827138"]
[BlackFideId "4157095"]
[WhiteElo "2341"]
[BlackElo "2073"]
[Result "1-0"]
[Round "03"]
[TimeControl "180+2"]
[Date "2022.12.27"]
[WhiteClock "0:01:34"]
[BlackClock "0:00:48"]

1. e3 d5 2. Nf3 c6 3. c4 e6 4. Nc3 Nf6 5. d4 Be7 6. Bd3 O-O 7. O-O Nbd7 8. b3 b6 9. Bb2 Bb7 10. Rc1 Rc8 11. Qc2 c5 12. cxd5 exd5 13. Qb1 c4 14. bxc4 dxc4 15. Bf5 Bxf3 16. gxf3 g6 17. Bh3 a6 18. a4 Qc7 19. Ne4 Nxe4 20. Qxe4 Nf6 21. Qe5 Rfe8 22. Bxc8 Qxc8 23. d5 Bd8 24. Qf4 Nh5 25. Qxc4 Qh3 26. Qg4 Qxg4+ 27. fxg4 Nf6 28. Bxf6 Bxf6 29. Rc6 b5 30. Rxf6 1-0


[Site "https://www.chess.com"]

[Event "Titled Tuesday Blitz December 27 Late 2022"]
[White "Kovacevic, Radmila"]
[Black "Adewumi, Tanitoluwa"]
[WhiteFideId "933171"]
[BlackFideId "30966396"]
[WhiteElo "2106"]
[BlackElo "2283"]
[Result "0-1"]
[Round "03"]
[TimeControl "180+2"]
[Date "2022.12.27"]
[WhiteClock "0:00:08"]
[BlackClock "0:01:57"]

1. e4 c5 2. Be2 Nc6 3. f4 Nf6 4. Nf3 Nxe4 5. O-O d5 6. Bd3 Nf6 7. c3 Bg4 8. h3 Bxf3 9. Qxf3 e6 10. Bb5 Bd6 11. d4 cxd4 12. cxd4 Qb6 13. Qd3 O-O 14. Be3 Nb4 15. Qe2 Nc2 16. Qxc2 Qxb5 17. Nc3 Qc4 18. Rac1 Rfc8 19. Qf2 Qd3 20. Rfd1 Qg6 21. g4 Ne4 22. Qg2 Nxc3 23. bxc3 Ba3 24. Rc2 b5 25. f5 exf5 26. Qxd5 f4 27. Re2 fxe3 28. Rxe3 Rd8 29. Qxb5 Rac8 30. Rde1 a6 31. Re8+ Rxe8 32. Rxe8+ Bf8 33. Qd7 Rxe8 34. Qxe8 Qb1+ 35. Kf2 Qc2+ 36. Qe2 Qxc3 37. Qxa6 Qxd4+ 38. Kf3 h5 39. a4 hxg4+ 40. hxg4 Qc3+ 41. Ke4 Qb4+ 42. Kf3 Bd6 43. Qc8+ Bf8 44. Qd7 g6 45. Kg2 Qe4+ 46. Kf2 Bc5+ 47. Kg3 Qe3+ 48. Kh4 Be7+ 49. g5 Bxg5+ 50. Kg4 f5+ 51. Qxf5 gxf5+ 52. Kh5 Qf4 53. Kg6 Be7 54. a5 Qa4 55. Kxf5 Qxa5+ 56. Ke6 Qc5 0-1


[Site "https://www.chess.com"]

[Event "Titled Tuesday Blitz December 27 Late 2022"]
[White "Kozlov, Gennady"]
[Black "Forgacs, Attila Jr."]
[WhiteFideId "4191668"]
[BlackFideId "773654"]
[WhiteElo "2401"]
[BlackElo "2264"]
[Result "1-0"]
[Round "03"]
[TimeControl "180+2"]
[Date "2022.12.27"]
[WhiteClock "0:01:37"]
[BlackClock "0:00:28"]

1. b3 g6 2. Bb2 Nf6 3. e3 Bg7 4. f4 O-O 5. Nf3 d5 6. Be2 c5 7. O-O Nc6 8. Ne5 Qc7 9. Nxc6 bxc6 10. Be5 Qd8 11. Bf3 Bf5 12. d3 Nd7 13. Bxg7 Kxg7 14. Nd2 e5 15. e4 Be6 16. f5 gxf5 17. exf5 Bxf5 18. Bxd5 cxd5 19. Rxf5 Kh8 20. Qh5 Qe7 21. Raf1 f6 22. Qf3 Qe6 23. Rh5 Rg8 24. Qf5 Qxf5 25. Rfxf5 Rg4 26. Nf3 Rag8 27. g3 c4 28. d4 Re4 29. dxe5 Nxe5 30. Nxe5 fxe5 31. Rxe5 Rxe5 32. Rxe5 cxb3 33. cxb3 Rd8 34. Kf2 Rd7 35. Ke3 Kg7 36. Kd4 Kf6 37. Rxd5 Re7 38. Rd6+ Kf5 39. Rh6 Rc7 40. a4 Kg5 41. Ra6 Rb7 42. Kc4 Kg4 43. b4 Kh3 44. Rh6+ Kg2 45. b5 Kf3 46. a5 Ke4 47. a6 Rc7+ 48. Kb4 Kd5 49. Ka5 Rc1 50. Rxh7 Ra1+ 51. Kb4 Rb1+ 52. Ka4 Ra1+ 53. Kb3 Rb1+ 54. Kc3 Rxb5 55. Rh5+ Kc6 56. Rxb5 Kxb5 57. h4 Kxa6 58. h5 Kb5 59. h6 a5 60. h7 a4 61. h8=Q a3 62. Kb3 a2 63. Kxa2 Kc4 64. Qf6 Kd3 65. Qf3+ Kc2 66. g4 Kd2 67. g5 Ke1 68. g6 Kd2 69. g7 Ke1 70. g8=Q Kd2 71. Qgf7 Ke1 72. Q7f6 Kd2 73. Q6f5 Ke1 74. Q5g4 Kd2 75. Qgg2+ Ke1 76. Qff2+ Kd1 77. Kb3 Kc1 78. Kc3 1-0


[Site "https://www.chess.com"]

[Event "Titled Tuesday Blitz December 27 Late 2022"]
[White "Kravtsiv, Martyn"]
[Black "Solon, Nathan"]
[WhiteFideId "14113147"]
[BlackFideId "2017229"]
[WhiteElo "2598"]
[BlackElo "2306"]
[Result "1-0"]
[Round "03"]
[TimeControl "180+2"]
[Date "2022.12.27"]
[WhiteClock "0:00:39"]
[BlackClock "0:00:03"]

1. e4 c5 2. Nf3 e6 3. d4 cxd4 4. Nxd4 Nf6 5. Nc3 Nc6 6. Ndb5 Bc5 7. Bf4 O-O 8. Bc7 Qe7 9. Bd6 Bxd6 10. Qxd6 Qd8 11. Nc7 Ne8 12. Nxe8 Rxe8 13. O-O-O a6 14. h4 b5 15. Rh3 Qb6 16. Rd2 b4 17. Na4 Qa5 18. b3 Qe5 19. Qxe5 Nxe5 20. f4 Ng4 21. e5 Bb7 22. Nb6 Rad8 23. Nxd7 Bc6 24. Nc5 Rxd2 25. Kxd2 Nf2 26. Re3 Rd8+ 27. Ke1 Ng4 28. Rd3 Rc8 29. Rg3 h5 30. Nxa6 Be4 31. Nxb4 Bxc2 32. Be2 Bf5 33. Bc4 Rd8 34. a4 Rd4 35. Nd3 Bxd3 36. Rxd3 Rxf4 37. a5 Nxe5 38. Rd8+ Kh7 39. a6 Nc6 40. Rc8 Ne7 41. Rb8 Nc6 42. Rb6 Na7 43. Rb7 Nc6 44. Rc7 1-0


[Site "https://www.chess.com"]

[Event "Titled Tuesday Blitz December 27 Late 2022"]
[White "Kretchetov, Alexandre"]
[Black "Orzech, Dominik"]
[WhiteFideId "4124588"]
[BlackFideId "1115065"]
[WhiteElo "2195"]
[BlackElo "2308"]
[Result "0-1"]
[Round "03"]
[TimeControl "180+2"]
[Date "2022.12.27"]
[WhiteClock "0:00:05"]
[BlackClock "0:00:21"]

1. d4 Nf6 2. c4 c5 3. d5 e6 4. Nc3 exd5 5. cxd5 d6 6. e4 a6 7. a4 g6 8. h3 Bg7 9. Nf3 O-O 10. Be3 Re8 11. Nd2 Nbd7 12. Be2 Rb8 13. O-O Qc7 14. Qc2 h6 15. Rfe1 g5 16. Nf1 Ne5 17. Ng3 Bd7 18. a5 b5 19. axb6 Rxb6 20. Rxa6 Rxa6 21. Bxa6 Bxh3 22. gxh3 Nf3+ 23. Kf1 Nxe1 24. Kxe1 Ra8 25. Bb5 Ra1+ 26. Ke2 Qc8 27. Nf5 Bf8 28. Qd2 Rh1 29. Bxg5 Nxe4 30. Nxe4 Qxf5 31. Nf6+ Kh8 32. Bh4 Rxh3 33. Bg3 Qxf6 34. Qe3 Rh1 35. Bd3 Qxb2+ 36. Kf3 Qf6+ 37. Kg2 Ra1 38. Qe4 Qg6 39. Qe2 Qf6 40. Qe4 Qg7 41. Qe8 Rd1 42. Qe4 Qg6 43. Qxg6 fxg6 44. Bxg6 Rxd5 45. Be4 Rd4 46. Kf3 c4 47. Ke3 Rd1 48. Ke2 Ra1 49. Bd5 c3 50. Bb3 Ra3 51. Bc2 Kg8 52. Kd3 Kf7 53. Bh4 Bg7 54. Bg3 Ke6 55. Bf4 d5 56. Bc1 Ra1 57. Be3 Re1 58. f4 Rh1 59. Bf2 Rh2 60. Ke2 Bd4 0-1


[Site "https://www.chess.com"]

[Event "Titled Tuesday Blitz December 27 Late 2022"]
[White "Ladan, Nicholas"]
[Black "Hernandez Bonilla, Amelia"]
[WhiteFideId "30918855"]
[BlackFideId "3900193"]
[WhiteElo "2228"]
[BlackElo "1960"]
[Result "1-0"]
[Round "03"]
[TimeControl "180+2"]
[Date "2022.12.27"]
[WhiteClock "0:01:30"]
[BlackClock "0:00:53"]

1. e3 d5 2. Nc3 Nf6 3. f4 e6 4. g3 Bd6 5. Bg2 O-O 6. b3 b6 7. Bb2 Bb7 8. Nge2 Nbd7 9. O-O c5 10. d3 Qe7 11. h3 e5 12. Nb5 Bb8 13. Qd2 Re8 14. Rae1 a6 15. Na3 b5 16. c4 b4 17. Nc2 Nb6 18. fxe5 Bxe5 19. Bxe5 Qxe5 20. Nf4 Rad8 21. d4 Qc7 22. dxc5 dxc4 23. cxb6 Rxd2 24. bxc7 Rxg2+ 25. Nxg2 1-0


[Site "https://www.chess.com"]

[Event "Titled Tuesday Blitz December 27 Late 2022"]
[White "Lenderman, Aleksandr"]
[Black "Vlassov, Nikolai"]
[WhiteFideId "2021285"]
[BlackFideId "4103360"]
[WhiteElo "2572"]
[BlackElo "2283"]
[Result "1/2-1/2"]
[Round "03"]
[TimeControl "180+2"]
[Date "2022.12.27"]
[WhiteClock "0:00:39"]
[BlackClock "0:00:15"]

1. Nf3 c5 2. d4 cxd4 3. c3 dxc3 4. Nxc3 g6 5. e4 Bg7 6. e5 Nc6 7. Bf4 Qa5 8. Qd5 Nh6 9. Qxa5 Nxa5 10. Nd5 Kf8 11. b4 Nc6 12. b5 Na5 13. Bd2 b6 14. Bb4 d6 15. Rc1 Bb7 16. Nxe7 Kxe7 17. Bxa5 bxa5 18. Rc7+ Kd8 19. Rxb7 dxe5 20. Be2 Kc8 21. Re7 Bf6 22. Rxe5 Bxe5 23. Nxe5 Re8 24. f4 Kc7 25. Kf2 Rad8 26. Rc1+ Kb6 27. Rc6+ Kb7 28. Bf3 Kb8 29. Ra6 Rxe5 30. fxe5 Rd2+ 31. Ke3 Rxa2 32. e6 Nf5+ 33. Kf4 fxe6 34. Rxe6 a4 35. Re8+ Kc7 36. Rh8 h5 37. Rh7+ Kb6 38. Bc6 Nd4 39. Rb7+ Kc5 40. Rxa7 Nxc6 41. bxc6 Kxc6 42. g3 Rxh2 43. Rxa4 h4 44. g4 Rg2 45. Ra6+ Kd7 46. Rxg6 h3 47. Rh6 h2 48. Kf3 Ra2 49. Kf4 Ke7 50. Kg5 Kf7 51. Rh7+ Kg8 52. Rh3 Ra5+ 53. Kf4 Ra2 54. Kg3 Kg7 55. Rxh2 Rxh2 56. Kxh2 Kg6 57. Kg1 Kg5 58. Kf1 Kxg4 1/2-1/2


[Site "https://www.chess.com"]

[Event "Titled Tuesday Blitz December 27 Late 2022"]
[White "Liu, Casper"]
[Black "Putnam, Liam"]
[WhiteFideId "1454153"]
[BlackFideId "30938279"]
[WhiteElo "2278"]
[BlackElo "2285"]
[Result "0-1"]
[Round "03"]
[TimeControl "180+2"]
[Date "2022.12.27"]
[WhiteClock "0:00:10"]
[BlackClock "0:00:10"]

1. b3 e5 2. Bb2 Nc6 3. g3 d5 4. Bg2 Nf6 5. c4 Be6 6. d3 h5 7. Nf3 e4 8. dxe4 Bb4+ 9. Bc3 dxc4 10. Qc1 cxb3 11. Ng5 bxa2 12. Nd2 Bxc3 13. Qxc3 Qd4 14. Qc1 Rd8 15. Nxe6 fxe6 16. Rxa2 h4 17. O-O hxg3 18. hxg3 Qe5 19. Rd1 Qh5 20. Nf1 O-O 21. Rad2 Rxd2 22. Rxd2 Ng4 23. Bf3 Nce5 24. Qc3 c6 25. Qb3 Qg6 26. Rd6 Qf7 27. Qxe6 Qxe6 28. Rxe6 Nxf3+ 29. exf3 Rxf3 30. Re7 Rf7 31. Re8+ Rf8 32. Re7 Rf7 33. Re8+ Kh7 34. e5 Rxf2 35. e6 Re2 36. e7 Nf6 37. Ra8 Rxe7 38. Rxa7 Nd5 39. Nd2 b5 40. Nb3 Rxa7 41. Nc5 Ra2 42. g4 b4 43. g5 Ne3 44. g6+ Kxg6 45. Kh1 Rc2 46. Nb3 c5 47. Na5 c4 48. Nc6 b3 49. Ne5+ Kh7 50. Nf3 b2 51. Ne1 b1=Q 52. Kg1 Qxe1# 0-1


[Site "https://www.chess.com"]

[Event "Titled Tuesday Blitz December 27 Late 2022"]
[White "Lorenzo De La Riva, Lazaro"]
[Black "Barp, Alberto"]
[WhiteFideId "2268809"]
[BlackFideId "872555"]
[WhiteElo "2404"]
[BlackElo "2432"]
[Result "0-1"]
[Round "03"]
[TimeControl "180+2"]
[Date "2022.12.27"]
[WhiteClock "0:00:02"]
[BlackClock "0:00:05"]

1. b3 e5 2. Bb2 Nc6 3. e3 g6 4. Nf3 Bg7 5. d4 exd4 6. Nxd4 Nf6 7. Be2 O-O 8. O-O Ne4 9. c4 a5 10. Nc3 Nxd4 11. exd4 Nxc3 12. Bxc3 d5 13. Bf3 Be6 14. c5 c6 15. Qd2 a4 16. b4 a3 17. Be2 Bf5 18. b5 Qd7 19. Bd3 cxb5 20. Rab1 Bxd3 21. Qxd3 Ra4 22. Rxb5 Bxd4 23. Bxd4 Rxd4 24. Qb3 Ra8 25. Rxb7 Qc8 26. Rc1 Rc4 27. Rd1 Qxc5 28. Qf3 Rf8 29. h3 Rc1 30. Rd7 d4 31. Rxd4 Qxd4 32. Rxc1 Qb2 33. Qd1 Qxa2 34. Ra1 Qb2 35. Rb1 Qe5 36. Rc1 Ra8 37. Qf3 Qa5 0-1


[Site "https://www.chess.com"]

[Event "Titled Tuesday Blitz December 27 Late 2022"]
[White "Lutz, Igor Oscar"]
[Black "Rian, Kapriaga"]
[WhiteFideId "2110806"]
[BlackFideId "7103263"]
[WhiteElo "1969"]
[BlackElo "2089"]
[Result "1-0"]
[Round "03"]
[TimeControl "180+2"]
[Date "2022.12.27"]
[WhiteClock "0:00:19"]
[BlackClock "0:00:20"]

1. d4 Nf6 2. c4 e6 3. g3 d5 4. Nf3 dxc4 5. Qa4+ Bd7 6. Qxc4 Be7 7. Bg2 a6 8. O-O Bc6 9. Bf4 Nd5 10. Bd2 Nb6 11. Qc2 O-O 12. e4 N8d7 13. h4 h6 14. Bc3 Nf6 15. Nbd2 Na4 16. Ne5 Nxc3 17. bxc3 Be8 18. Nd3 Rb8 19. e5 Nd7 20. Rab1 b6 21. Ne4 a5 22. f4 f5 23. exf6 Nxf6 24. Rfe1 Nxe4 25. Rxe4 Bg6 26. Rxe6 Bf5 27. Re2 c5 28. Be4 Bg4 29. Rd2 Kh8 30. Ne5 Qc8 31. Ng6+ Kg8 32. Nxe7+ Kh8 33. Nxc8 Rfxc8 34. Bf5 Bxf5 35. Qxf5 cxd4 36. cxd4 Rf8 37. Qe5 Rfe8 38. Qb5 Re3 39. Kf2 Rbe8 40. Re2 Rxe2+ 41. Qxe2 1-0


[Site "https://www.chess.com"]

[Event "Titled Tuesday Blitz December 27 Late 2022"]
[White "Makarian, Rudik"]
[Black "Kleinman, Michael"]
[WhiteFideId "44105681"]
[BlackFideId "2609479"]
[WhiteElo "2545"]
[BlackElo "2387"]
[Result "0-1"]
[Round "03"]
[TimeControl "180+2"]
[Date "2022.12.27"]
[WhiteClock "0:00:01"]
[BlackClock "0:00:12"]

1. f4 c5 2. e4 Nc6 3. Nf3 e6 4. d3 d5 5. Be2 Be7 6. O-O b6 7. Qe1 Nf6 8. Nc3 Bb7 9. Kh1 Nd4 10. Bd1 dxe4 11. dxe4 O-O 12. Be3 Rc8 13. e5 Ng4 14. Bg1 Nh6 15. Ne4 Qd5 16. Nfd2 Rfd8 17. c3 Ndf5 18. Bb3 Qc6 19. Qe2 Rd7 20. Rad1 Rcd8 21. Bc2 Nh4 22. Bf2 N6f5 23. Kg1 Ng6 24. Bg3 h5 25. a4 h4 26. Be1 Bf8 27. Rf3 Nge7 28. Rh3 Nd5 29. Qh5 Nxf4 30. Qg4 Nxh3+ 31. gxh3 c4 32. Bf2 Rxd2 33. Rxd2 Rxd2 34. Nf6+ Kh8 35. Qh5+ Nh6 36. Be4 Qxe4 37. Nxe4 Bxe4 38. Be3 Rxb2 39. Bxh6 Bg6 40. Qxh4 gxh6 41. Qd8 Kg8 42. h4 h5 43. a5 Kg7 44. Qf6+ Kh7 0-1


[Site "https://www.chess.com"]

[Event "Titled Tuesday Blitz December 27 Late 2022"]
[White "Marcolino, Daniel Mattos"]
[Black "Antonios, Johnny"]
[WhiteFideId "2106841"]
[BlackFideId "5300843"]
[WhiteElo "2006"]
[BlackElo "2269"]
[Result "0-1"]
[Round "03"]
[TimeControl "180+2"]
[Date "2022.12.27"]
[WhiteClock "0:00:18"]
[BlackClock "0:00:48"]

1. d4 Nf6 2. Nf3 e6 3. g3 b5 4. Bg2 Bb7 5. O-O c5 6. Bg5 h6 7. Bxf6 Qxf6 8. c3 Qd8 9. Nbd2 cxd4 10. cxd4 Be7 11. a4 bxa4 12. Qxa4 a5 13. Rfc1 O-O 14. Nc4 Bc6 15. Qc2 Bb4 16. Nce5 Bb5 17. Nd3 Be7 18. Nfe5 Ra7 19. Nc5 d6 20. Nxf7 Kxf7 21. Nxe6 Kxe6 22. Qg6+ Bf6 23. Bh3+ Ke7 24. e4 Be8 25. Qh7 Bd7 26. e5 Bxh3 27. exf6+ Kxf6 28. Ra3 Bf5 29. Rf3 g6 30. Qxh6 Rh8 31. Qf4 Kg7 32. g4 Be6 33. g5 Rf7 34. Qe4 Rxf3 35. Qxf3 Qxg5+ 36. Kf1 Bh3+ 0-1


[Site "https://www.chess.com"]